Map: Lerilak Crest

Players

Unseeded

  • Race: Terran Terran
  • League: Gold

Javert - Winner!

  • Race: Zerg Zerg
  • League: Grandmaster

VOD

Have the link to the VOD?

Description

Time

  • Played on: Sept. 20, 2015, 11:52 p.m.
  • Length: 14:54
Show
View Real Time Build Order
Export as new Build Order

Unseeded Terran 

Build Orders: MMM Bio 

Get SALT Encoding   

  12  0:01  SCV  
  13  0:13  SCV  
  14  0:22  Supply Depot  
  14  0:25  SCV  
  15  0:44  SCV  
  15  0:45  Barracks  
  16  0:56  SCV  
  17  1:08  SCV  
  18  1:18  Command Center  
  18  1:27  SCV  
  19  1:34  Supply Depot  
  19  1:36  Marine  
  20  1:41  Orbital Command  
  20  1:53  Marine  
  21  1:55  Bunker  
  22  2:08  SCV  
  22  2:11  Marine  
  23  2:20  SCV  
  24  2:23  Command Center  
  24  2:30  Supply Depot  
  24  2:34  Orbital Command  
  24  2:37  SCV  
  25  2:44  Marine  
  25  2:47  Refinery  
  25  2:50  Refinery  
  26  2:57  Supply Depot  
  26  3:00  SCV x2  
  26  3:02  Marine  
  29  3:12  SCV x2  
  31  3:24  SCV x2  
  33  3:28  Barracks  
  33  3:33  Barracks Tech Lab  
  33  3:36  SCV x2  
  33  3:38  SCV  
  35  3:48  SCV x2  
  35  3:50  SCV  
  38  4:07  Marauder  
  40  4:10  Orbital Command  
  40  4:11  SCV x2  
  42  4:18  Barracks  
  42  4:20  Barracks  
  42  4:23  SCV  
  43  4:24  SCV  
  43  4:25  Barracks Reactor, Refinery  
  44  4:32  Engineering Bay  
  44  4:37  Factory  
  44  4:39  SCV x3  
  44  4:42  Refinery  
  44  4:43  Marauder  
  49  4:50  Supply Depot  
  49  4:52  Supply Depot  
  49  4:57  SCV x2  
  51  5:00  Terran Infantry Weapons Level 1  
  51  5:04  Marine  
  51  5:05  Marine  
  51  5:06  Marine  
  55  5:08  Barracks Tech Lab, Missile Turret  
  55  5:09  Barracks Reactor  
  54  5:14  Stimpack  
  54  5:15  SCV x2  
  56  5:22  Marine  
  56  5:23  Marine  
  56  5:24  Marine  
  58  5:37  Marauder  
  58  5:40  Marauder  
  58  5:41  Marine x2  
  58  5:42  SCV x2  
  66  5:46  Starport, Orbital Command  
  66  5:48  Armory  
  66  5:51  Marine x2  
  68  5:58  Marauder  
  68  5:59  Marine x2  
  68  6:01  Marine  
  73  6:09  Marine x2  
  75  6:17  Marine x2  
  77  6:19  Marine  
  77  6:20  Marauder  
  77  6:24  Supply Depot  
  77  6:25  Supply Depot  
  80  6:26  Marine  
  80  6:27  Marine  
  80  6:30  SCV x3  
  85  6:35  Marine x2  
  85  6:38  Marauder  
  89  6:41  Marauder  
  89  6:42  SCV  
  89  6:44  Marine  
  89  6:45  Marine  
  94  6:52  Marine  
  95  6:56  Supply Depot  
  95  6:58  Marine  
  95  6:59  Marauder  
  95  7:01  Starport Reactor  
  98  7:02  Starport, Marine x2  
  98  7:03  Terran Infantry Weapons Level 2, Marine  
  98  7:07  Factory Reactor, Engineering Bay  
  101  7:10  Marine  
  101  7:11  Concussive Shells  
  101  7:15  Combat Shields  
  102  7:16  SCV, Marine  
  102  7:17  SCV x2  
  102  7:20  Marauder x2, Refinery, Marine  
  102  7:21  Marine  
  102  7:22  Refinery  
  112  7:28  Command Center, SCV, Marine  
  112  7:29  SCV  
  115  7:36  Terran Infantry Armor Level 1, Marine  
  116  7:38  Marine  
  117  7:48  Starport Reactor  
  117  7:53  Supply Depot  
  117  7:56  Supply Depot  
  117  7:59  Supply Depot  
  117  8:14  SCV x2, Marauder, Medivac x2  
  117  8:17  Marine x3  
  117  8:18  SCV, Marauder, Marine  
  132  8:26  SCV, Medivac  
  132  8:27  Medivac  
  137  8:30  SCV  
  138  8:35  Marine x3  
  138  8:38  Bunker  
  138  8:39  Marine  
  138  8:40  Marauder x2  
  138  8:41  Orbital Command  
  146  8:44  Medivac x2  
  120  8:53  Marine x3  
  110  8:56  Medivac  
  110  8:57  Marine, Medivac  
  110  9:01  Marauder x2  
  105  9:11  Marine x3  
  105  9:14  Medivac  
  105  9:15  Marine  
  111  9:22  Marauder, Marine  
  114  9:29  Marine x3  
  114  9:30  Barracks  
  117  9:31  Barracks  
  117  9:32  Marine  
  117  9:33  Barracks  
  118  9:40  Marine  
  118  9:44  Marauder  
  121  9:46  Marine x3  
  121  9:50  Marine  
  121  9:51  Terran Infantry Armor Level 2  
  121  9:52  Terran Infantry Weapons Level 3  
  125  9:53  Medivac x3  
  125  9:54  Supply Depot  
  125  9:58  Marauder  
  133  10:04  Marine x3  
  133  10:05  Supply Depot, Marauder  
  138  10:08  Marine  
  138  10:12  Orbital Command  
  135  10:19  Marine  
  136  10:22  Marine x3  
  136  10:26  Marine x2  
  118  10:37  Marine  
  118  10:40  Marine x3  
  125  10:44  Marine  
  125  10:49  Barracks Reactor x2, Barracks Tech Lab  
  123  10:52  Marine  
  123  10:55  Marauder  
  114  10:58  Marine x3  
  114  11:01  Marine  
  118  11:08  Barracks  
  118  11:10  Barracks, Marine  
  119  11:15  Marine x2  
  119  11:16  Marauder, Marine  
  112  11:19  Marine  
  110  11:28  Marine x2, Marauder  
  110  11:29  Marauder, Marine x2  
  118  11:33  Marine x3  
  118  11:35  SCV  
  118  11:36  SCV x2  
  118  11:37  Marine  
  118  11:38  Marauder  
  118  11:39  Orbital Command  
  128  11:46  Marine x3  
  128  11:47  Marine  
  130  11:48  SCV x3  
  130  11:49  Marauder  
  130  11:50  Marauder  
  130  11:51  Marine  
  130  11:53  Marine x2  
  129  11:55  Marine  
  129  11:59  Marauder  
  132  12:04  Marine x4  
  132  12:07  Command Center  
  136  12:09  Barracks Reactor x2, Marine  
  136  12:10  Marine, Marauder  
  136  12:11  Marauder, Marine  
  136  12:13  Barracks, Marine  
  136  12:14  Supply Depot, Barracks  
  144  12:20  Marauder  
  144  12:22  Refinery, Marine x4  
  150  12:24  Refinery  
  150  12:27  Marine  
  150  12:28  Marine  
  150  12:29  Marine  
  153  12:31  Marine x2  
  153  12:32  Marine  
  156  12:39  Marine  
  156  12:40  Marine x2  
  156  12:42  Marauder  
  161  12:49  Marine x2  
  161  12:50  Marine, Marauder  
  161  12:51  Marauder  
  168  13:03  Marauder  
  168  13:04  Marine x4  
  168  13:05  Marine x3  
  177  13:11  Marauder  
  179  13:13  Marauder  
  179  13:18  Marine x2  
  179  13:19  Marine  
  175  13:25  Marauder  
  177  13:32  Marauder  
  172  13:34  Marauder  
  174  13:46  Marauder  
  171  13:54  Marauder  
  163  13:56  Marauder  
  163  13:59  Marine x12  
  171  14:07  Marauder  
  166  14:15  Marauder  
  166  14:16  Marine  
  139  14:17  Marauder, Marine x11  
  136  14:29  Marauder  
  125  14:34  Marine  
Show
View Real Time Build Order
Export as new Build Order

Javert Zerg - Winner!

Build Orders: Hatch First 

Get SALT Encoding   

  12  0:01  Drone  
  13  0:14  Overlord  
  13  0:18  Drone  
  14  0:32  Drone x2  
  16  0:37  Drone  
  17  0:47  Drone  
  18  0:58  Extractor  
  18  1:00  Drone  
  18  1:01  Hatchery  
  17  1:09  Drone  
  18  1:22  Drone, Spawning Pool  
  18  1:31  Drone  
  19  1:41  Drone  
  20  1:52  Overlord  
  20  2:03  Drone  
  21  2:08  Metabolic Boost  
  21  2:10  Queen  
  21  2:12  Queen  
  21  2:14  Zergling x2  
  21  2:15  Zergling x2  
  27  2:24  Drone x2  
  29  2:38  Drone  
  29  2:39  Drone  
  31  2:45  Hatchery  
  31  2:49  Queen  
  32  2:53  Overlord  
  32  3:02  Drone x3  
  35  3:13  Roach Warren  
  35  3:16  Drone x2  
  36  3:24  Overlord  
  36  3:29  Drone x5  
  41  3:37  Drone  
  41  3:38  Drone x2  
  44  3:47  Drone x3  
  46  3:57  Drone x5  
  46  3:58  Drone  
  51  4:05  Lair  
  51  4:06  Overlord  
  51  4:08  Extractor  
  51  4:09  Extractor  
  49  4:16  Overlord  
  49  4:24  Evolution Chamber  
  49  4:26  Evolution Chamber  
  47  4:33  Drone x4  
  47  4:35  Extractor  
  47  4:36  Zergling x12  
  47  4:37  Zergling x6  
  59  4:47  Drone x2  
  59  4:48  Drone x4  
  59  4:52  Zerg Ground Armor Level 1  
  65  4:53  Zerg Melee Weapons Level 1  
  65  4:56  Drone  
  66  5:03  Drone x5  
  71  5:11  Burrow  
  71  5:20  Baneling Nest, Drone x3  
  71  5:21  Drone  
  74  5:24  Overlord x3, Extractor  
  74  5:26  Extractor  
  72  5:31  Drone x2  
  74  5:37  Overlord x2  
  74  5:41  Overlord x2  
  74  5:46  Drone x2  
  74  5:47  Drone x5  
  80  5:52  Overlord x2  
  80  5:59  Drone x3  
  80  6:00  Drone  
  80  6:03  Centrifical Hooks  
  84  6:12  Zergling x2  
  84  6:13  Zergling x10  
  90  6:21  Baneling  
  90  6:22  Baneling x13  
  90  6:28  Zergling x2  
  90  6:29  Zergling x18  
  100  6:37  Overseer x3  
  100  6:42  Queen  
  100  6:44  Queen  
  104  6:48  Zerg Ground Armor Level 2, Zerg Melee Weapons Level 2  
  104  6:54  Spire, Baneling x4  
  103  7:23  Baneling x5  
  103  7:24  Baneling x6  
  103  7:25  Baneling  
  103  7:30  Zergling x20  
  103  7:31  Zergling x18  
  122  7:43  Overlord  
  122  7:44  Overlord x2  
  122  7:47  Hatchery, Extractor  
  120  7:52  Extractor  
  120  7:54  Overlord  
  120  7:58  Drone x5  
  122  7:59  Drone  
  125  8:12  Zerg Flyer Weapons Level 1  
  125  8:18  Pneumatized Carapace  
  124  8:23  Baneling x7  
  124  8:24  Baneling  
  107  8:55  Zergling x18  
  99  8:56  Zergling x12  
  102  9:07  Zergling x2  
  102  9:08  Zergling x10  
  107  9:16  Infestation Pit  
  106  9:17  Queen  
  106  9:24  Zergling x10  
  109  9:29  Baneling x7  
  109  9:30  Baneling x23  
  113  9:34  Zergling x2  
  113  9:35  Zergling x4  
  117  9:45  Drone x2  
  117  9:46  Drone x4  
  122  9:53  Hive  
  122  10:09  Spine Crawler x2  
  89  10:46  Zergling x14  
  89  10:47  Zergling x8  
  98  10:58  Zergling x2  
  98  10:59  Zergling x42  
  120  11:05  Zergling x2  
  116  11:28  Zerg Melee Weapons Level 3  
  116  11:29  Zerg Ground Armor Level 3, Adrenal Glands, Ultralisk Cavern  
  115  11:33  Overseer x2  
  115  11:34  Overseer  
  107  11:58  Overlord x2  
  107  12:11  Greater Spire  
  107  12:14  Corruptor x2  
  107  12:15  Corruptor x4  
  115  12:20  Baneling x2  
  115  12:21  Baneling x21  
  119  12:30  Chitinous Plating  
  119  12:31  Hatchery, Extractor  
  119  12:32  Ultralisk, Extractor  
  119  12:33  Ultralisk x7  
  164  12:40  Overlord x3  
  164  12:41  Overlord x3  
  164  12:55  Overlord  
  164  12:56  Overlord  
  164  12:57  Overlord  
  164  12:58  Overlord  
  164  13:02  Ultralisk x2  
  150  14:03  Ultralisk  
  150  14:04  Ultralisk x4  
Tags
 
Add a new tag
Caveats
  • Supply blocks, unpowered buildings, or Contaminate may cause inaccurate times.
  • Supply counts are checked every 10 seconds.